[Event "Match/Team URS-World 20,5-19,5"]
[Site "Belgrade"]
[Date "1970.03.29"]
[Round "1.5"]
[White "Geller, Efim P"]
[Black "Gligoric, Svetozar"]
[Result "1-0"]
[ECO "C93"]
[WhiteElo "2660"]
[BlackElo "2580"]
[Annotator "Geller/Gligoric"]
[PlyCount "79"]
[EventDate "1970.03.29"]
[EventType "team"]
[EventRounds "4"]
[EventCountry "YUG"]
[SourceTitle "MCL"]
[Source "ChessBase"]
[SourceDate "1999.07.01"]
[SourceVersion "1"]
[SourceVersionDate "1999.07.01"]
[SourceQuality "1"]
[WhiteTeam "Soviet Union"]
[BlackTeam "World"]
[WhiteTeamCountry "URS"]
[TimeControl "40/9000:16/5400:0"]

1. e4 e5 2. Nf3 Nc6 3. Bb5 a6 4. Ba4 Nf6 5. O-O Be7 6. Re1 b5 7. Bb3 d6 8. c3
O-O 9. h3 h6 10. d4 Re8 11. Nbd2 Bf8 12. Nf1 Bb7 13. Ng3 Na5 14. Bc2 Nc4 15. b3
Nb6 16. Bb2 Nbd7 $146 (16... c5 17. dxe5 dxe5 18. c4 Qc7 19. Qe2 b4 $1 (19...
bxc4 $6 20. bxc4) 20. Rad1 Nbd7 21. Nd2 Nb8 22. Nf5 Nc6 23. f4 g6 24. fxe5 Nxe5
25. Ng3 Bg7 $10 {Geller-Gligoric/Soci/1968}) (16... c5 17. dxe5 dxe5 18. c4 Qc7
19. Qe2 b4 20. Nh2 Nbd7 21. Nhf1 Nb8 22. Ne3 Nc6 23. Nd5 Qd8 24. Nf1 Nxd5 25.
cxd5 Nd4 26. Qd1 a5 27. Bd3 Qf6 28. Ne3 Rec8 29. a4 g6 30. Nc4 Ba6 31. Ne3 Bb7
32. Nc4 {1/2-1/2 (32) Ivkov,B-Matanovic,A Belgrade 1969}) 17. Qd2 (17. a4 $1 {
Gligoric=:Gl}) (17. Qe2 $2 exd4 18. cxd4 Nxe4 $1 {Gl}) 17... c5 18. Rad1 Qa5 $2
{Gl} (18... Qc7 19. dxe5 dxe5 20. c4 Nb8 {P 21... c6 Gl}) 19. dxc5 dxc5 20. c4
$1 {Gl} (20. Bb1 $143 {Gl}) 20... b4 (20... Qxd2 $142 {P d7-b8-c6-d4 Geller=:Ge
} 21. Rxd2 $16 {Gl}) (20... Qxa2 21. Ra1 Qxb2 22. Reb1 {Gl}) 21. a4 Qc7 22. Nf5
Nb8 $2 {Gl/Ge} (22... Rad8 23. Qe2 {Gl}) 23. Nxe5 $1 {Ge/Gl} Rxe5 24. Bxe5 Qxe5
25. f4 Qe6 (25... Qc3 26. Qf2 {Ge}) 26. e5 Ne8 27. Nh4 $1 {Gl} (27. Nd6 Nxd6
28. exd6 Qf6 29. d7 Nc6 30. Re8 Nd4 $16 {Gl}) 27... Nc6 28. Qd3 g6 29. f5 gxf5
30. Nxf5 {P 31. e7, 32. h7# Ge/Gl} Qg6 (30... Bg7 31. Nxg7 Kxg7 (31... Nxg7 32.
Qh7+ Kf8 33. Qh8+ Ke7 34. Qxg7) 32. Qh7+ Kf8 33. Bf5 $1 $18 {Gl}) 31. Qe2 $18 (
31. Qd7 $18) 31... Qg5 $2 {Gl} (31... Qe6 32. Qe4 Qg6 33. Rd7 $1 (33. Re3 Nd8
34. Rd5 Bxd5 35. cxd5 {Ge}) 33... Bc8 34. e6 $1 Bxd7 35. exd7 Ng7 36. Nxg7 Kxg7
37. Qxg6+ fxg6 38. Be4 $18 {Ge}) 32. h4 Qf4 33. g3 Qxe5 34. Qg4+ Qg7 35. Nxg7
Nf6 36. Qf4 Bxg7 37. Qc7 Rb8 38. Rd6 Ng4 39. Rxc6 Bd4+ 40. Kf1 1-0

[Event "Match/Team URS-World 20,5-19,5"]
[Site "Belgrade"]
[Date "1970.04.02"]
[Round "3.5"]
[White "Geller, Efim P"]
[Black "Gligoric, Svetozar"]
[Result "1/2-1/2"]
[ECO "C93"]
[WhiteElo "2660"]
[BlackElo "2580"]
[Annotator "Geller/Gligoric"]
[PlyCount "49"]
[EventDate "1970.03.29"]
[EventType "team"]
[EventRounds "4"]
[EventCountry "YUG"]
[SourceTitle "MCL"]
[Source "ChessBase"]
[SourceDate "1999.07.01"]
[SourceVersion "1"]
[SourceVersionDate "1999.07.01"]
[SourceQuality "1"]
[WhiteTeam "Soviet Union"]
[BlackTeam "World"]
[WhiteTeamCountry "URS"]
[TimeControl "40/9000:16/5400:0"]

1. e4 e5 2. Nf3 Nc6 3. Bb5 a6 4. Ba4 Nf6 5. O-O Be7 6. Re1 b5 7. Bb3 d6 8. c3
O-O 9. h3 h6 10. d4 Re8 11. Nbd2 Bf8 12. Nf1 Bb7 13. Ng3 Na5 14. Bc2 Nc4 15. b3
Nb6 16. Bb2 c5 (16... Nbd7 {Compare first game. Gligoric=:Gl}) 17. dxe5 dxe5
18. c4 Nbd7 $146 {Gl} (18... Qc7 19. Qe2 b4 20. Rad1 Nbd7 21. Nh2 Nb8 22. Nf5
Nc6 23. f4 g6 24. fxe5 Nxe5 25. Ng3 Bg7 26. Qf2 Nfd7 27. Bb1 Nf8 28. Nhf1 Ne6 {
1/2-1/2 (28) Geller,E-Gligoric,S Sochi 1968}) 19. Qe2 (19. cxb5 axb5 20. Bd3
Qb6 21. Qe2 Bc6 {Gl}) 19... b4 20. Rad1 Qa5 $1 {Gl} 21. Bb1 Re6 $1 {Gl/Geller=:
Ge} 22. Nf5 Rae8 23. Ne3 Nb8 24. Nd5 Nc6 25. Rd2 (25. Rd2 Nd4 26. Qd1 {Gl})
1/2-1/2

[Event "EU-ch 12th"]
[Site "Aix les Bains"]
[Date "2011.04.01"]
[Round "10"]
[White "Navara, David"]
[Black "Saric, Ivan"]
[Result "0-1"]
[ECO "C93"]
[WhiteElo "2722"]
[BlackElo "2626"]
[Annotator "Marchand,A/Primel,D"]
[PlyCount "174"]
[EventDate "2011.03.22"]
[EventType "swiss"]
[EventRounds "11"]
[EventCountry "FRA"]
[SourceTitle "CBM 142 Extra"]
[Source "ChessBase"]
[SourceDate "2011.06.27"]
[SourceVersion "1"]
[SourceVersionDate "2011.06.27"]
[SourceQuality "1"]
[TimeControl "40/5400+30:1800+30"]

1. e4 e5 2. Nf3 Nc6 3. Bb5 a6 4. Ba4 Nf6 5. O-O Be7 6. Re1 b5 7. Bb3 d6 8. c3
O-O 9. h3 Bb7 10. d4 Re8 11. Nbd2 Bf8 12. a3 {85} h6 {83} 13. d5 Ne7 (13... Nb8
14. Nh2 c6 15. dxc6 Bxc6 16. Qf3 Nbd7 17. Ng4 a5 18. Ba2 Qe7 19. Nf1 Nxg4 20.
hxg4 Nc5 21. g5 hxg5 22. Bxg5 Qb7 23. Ng3 a4 24. Rad1 Nb3 25. Nf5 Re6 26. Rd3
f6 27. Bc1 Kf7 28. Qh5+ {Topalov,V (2796)-Morozevich,A (2771)/Nice 2009/CBM
129 Extra/ 1-0 (43)}) 14. Nh2 Qd7 $146 (14... Ng6 15. Ndf1 Be7 16. Ng4 Nh7 17.
Nge3 Bg5 18. g3 Bxe3 19. Nxe3 Bc8 20. h4 Ne7 21. a4 Bd7 22. c4 Nf6 23. Bc2 Qc8
24. b4 c5 25. Ba3 cxb4 26. Bxb4 Qc7 27. cxb5 axb5 28. a5 Rf8 29. Bd3 {
Kryvoruchko, Y (2609)-Bellia,F (2376)/Paleochora 2010/CBM 137 Extra/1-0 (55)})
15. Ndf1 {83} c6 $1 {78} 16. Ng4 {Un thème classique dans l'espagnole} Nxg4 17.
hxg4 cxd5 18. exd5 Rac8 19. Ng3 (19. Ne3
$5 ) 19... Rc4 (19... Rc5 20. Ne4 Rxd5 21. Bxd5 Bxd5 $44)
20. Bxc4 {64} bxc4 {49} 21. b4 Nxd5 $44 22. Ne4 h5 {Risqué} (22... Be7 ) (22... Qc6 $5 ) 23. g5 $5 Qc6 (23... g6 24. Qxd5 Bxd5 25. Nf6+) (23... g6 $4 24. Qxd5 $1) (23...
Qg4 {[%cal Gg4g2,Gg4h5] Moins risqué} 24. Qxg4 hxg4 $132) 24. Qxh5 Nxc3 $6 (
24... Nf4) 25. Re3 Re6 26. Rh3 Rh6 $1 27. gxh6 {49} Qxe4 {26} 28. f3 $2 {
Les Blancs avaient pourtant du temps mais le tchèque était hors de forme dans
ce tournoi} (28. Rf3 $8 Qe1+ 29. Kh2 Bxf3 30. h7+ Kh8 31. Qxf7 $1 Kxh7 32. Qxf3 $18 ) 28... Qd4+ 29. Kh2 Ne2 30. Bb2
Qf4+ 31. Kh1 c3 32. hxg7 Bxg7 33. Qh7+ Kf8 34. Bc1 Nxc1 35. Qc2 Bh6 36. Qxc3
Ne2 37. Qe1 Nd4 38. Qh4 $6 {La mauvaise coordination des pièces Blanches va se
payer au prix fort} Qxh4 39. Rxh4 Kg7 40. Rd1 $2 (40. Kg1 $6 Be3+ 41. Kf1 a5 $1 ) (40. Rg4+ Kf6 41. Rg8 $1 Bd5 42. Rb8) 40... Nf5
41. Rxh6 $5 (41. Rh3 d5 $17 ) 41... Kxh6 42. Rc1 e4 (
42... d5 $142 $1 {Garde une meilleure structure} 43. Rc7 d4 $1 44. Rxb7 d3 45.
Rd7 Nd4) 43. fxe4 Bxe4 44. Kg1 Kg5 45. a4 d5 46. Rc7 Kf6 47. b5 axb5 48. axb5
d4 49. b6 Nd6 50. g4 Ke6 51. g5 Bd5 52. Kf2 Ne4+ 53. Ke2 Kd6 54. g6 fxg6 55.
Rg7 Nc5 56. Rxg6+ Be6 57. b7 Kc7 58. Rg7+ Kb8 59. Re7 (59. Rg5 Bc4+ (59... Nxb7
60. Kd3 ) 60. Kf3) 59... Bg4+ 60. Kd2 Bf5 61. Re8+ Kxb7 $19 62.
Re5 Nb3+ 63. Ke2 Bc2 64. Rd5 Kc7 65. Kf3 Kc6 66. Rd8 Kb5 67. Kf4 Kb4 68. Rb8+
Kc3 69. Rc8+ Kd2 70. Rd8 d3 71. Rxd3+ Kxd3 72. Ke5 Kc4 73. Kd6 Kd4 74. Ke6 Nc5+
75. Kd6 Be4 76. Ke7 Ke5 77. Kf7 Bf5 78. Kg7 Ke6 79. Kg8 Kf6 80. Kh8 Nd3 81. Kg8
Ne5 82. Kh8 Nf7+ 83. Kg8 Be4 84. Kf8 Bh7 85. Ke8 Ne5 86. Kd8 Ke6 87. Kc7 Nd7
0-1